 Dungeon Crawl Stone Soup version 0.26-a0-1213-gd52f5182fe (webtiles) character file.

Game seed: 11122850301074569864

90 dickylongcocking the Stinger (level 4, 0/18 HPs)
             Began as a Felid Venom Mage on Dec 30, 2020.
             Was a Follower of Vehumet.
             Slain by a hobgoblin
             ... wielding a +0 club
             ... led by Robin
              (2 damage)
             ... on level 3 of the Dungeon.
             The game lasted 00:04:48 (4269 turns).

dickylongcocking the Stinger (Felid Venom Mage)     Turns: 4269, Time: 00:04:48

Health: 0/18       AC:  1    Str:  4    XL:     4   Next: 32%
Magic:  5/9        EV: 18    Int: 17    God:    Vehumet [*.....]
Gold:   123        SH:  0    Dex: 16    Spells: 1/8 levels left
                                        Lives:  0   Deaths: 1

rFire    . . .     SeeInvis +   (weapon unavailable)
rCold    . . .     Faith    .   (shield unavailable)
rNeg     . . .     Spirit   .   (armour unavailable)
rPois    .         Reflect  .   (helmet unavailable)
rElec    .         Harm     .   (cloak unavailable)
rCorr    .         Rampage  .   (gloves unavailable)
Will     .....                  (boots unavailable)
Stlth    +++.......             (no amulet)
HPRegen  0.06/turn              (no ring)
MPRegen  0.11/turn              (no ring)

@: lethally poisoned (0 -> -5), attractive, very slightly contaminated, quick
A: very small, no armour, no weapons or thrown items, stealth, claws 1, fangs 3,
see invisible, speed 1, shaggy fur 1, sharp paws
a: Renounce Religion


You were on level 3 of the Dungeon.
You worshipped Vehumet.
Vehumet was aware of your devotion.
You visited 1 branch of the dungeon, and saw 3 of its levels.

You collected 123 gold pieces.

Inventory:

Jewellery
 b - a +6 ring of intelligence {unknown}
 d - a cursed amulet of inaccuracy {unknown}
Wands
 i - a wand of paralysis (9)
Scrolls
 a - a scroll of random uselessness {unknown}
 e - 2 scrolls of remove curse {unknown}
 h - a scroll of amnesia {unknown}


   Skills:
 - Level 2.6 Dodging
 - Level 2.6 Stealth
 * Level 2.8 Spellcasting
 + Level 2.8 Transmutations
 * Level 4.2 Poison Magic


You had one spell level left.
You knew the following spells:

 Your Spells              Type           Power        Failure   Level
a - Sting                 Tmut/Pois      56%          4%          1
b - Olgreb's Toxic Radia  Pois           16%          30%         4
c - Poisonous Vapours     Pois/Air       18%          12%         2

Your spell library contained the following spells:

 Spells                   Type           Power        Failure   Level
 Magic Dart               Conj           8%           19%         1
 Ignite Poison            Fire/Tmut/Pois 10%          21%         3
 Mephitic Cloud           Conj/Pois/Air  7%           30%         3


Dungeon Overview and Level Annotations

Branches:
Dungeon (3/15)

Altars:
Vehumet


Innate Abilities, Weirdness & Mutations

You cannot wear armour.
You are incapable of wielding weapons or throwing items.
Your paws allow you to move quietly. (Stealth)
You have sharp claws.
You have razor-sharp teeth.
You have supernaturally acute eyesight. (SInv)
You cover ground quickly.
You are covered in fur. (AC +1)
Your sharp claws are effective at attacking unaware monsters.


Message History

There is a stone staircase leading up, spattered with blood here.
Unknown command.
Casting: Sting (safe; 4% risk of failure)
Confirm with . or Enter, or press ? or * to list all spells.
Okay, then.
Casting: Sting (safe; 4% risk of failure)
Confirm with . or Enter, or press ? or * to list all spells.
The spell is potentially lethal to cast (30% risk of failure)!
Continue anyway?
You miscast Olgreb's Toxic Radiance.
You are very lightly contaminated with residual magic.
You feel incredibly sick!
You are poisoned.
Ouch! That really hurt!
* * * LOW HITPOINT WARNING * * *
x2 You feel sick.
The hobgoblin closely misses you. The goblin misses you.
Unknown command.
It was a potion of attraction.
You feel attractive to monsters. The goblin completely misses you.
The hobgoblin hits you with a +0 club.
You die...

#..........####.#.#
#####.#....(....#.#
####.#.#.#(#.#'#.###
#.....g(..)#.!.....#
#..†.g.#.#..?......#
######......[...#.......#
#..............##.......#
#.....g.#.#.g..##....$..#
#....†......@g.####+#####
#..........g....### #
#.......#.#.....#.#.###
#.......###'#.........#
#.............#.....##
######[.......#...#.#
#........##..# #
#........# ..# ........#
#.#


You could see 2 hobgoblins and 4 goblins.

Vanquished Creatures
  Robin (D:2)
  5 adders
  2 oozes (D:1)
  3 worms
  3 leopard geckos
  A ball python (D:1)
  9 bats
  4 giant cockroaches
  12 goblins
  7 hobgoblins
  5 frilled lizards
  9 kobolds
  2 rats (D:2)
63 creatures vanquished.

Notes
Turn   | Place    | Note
-------+----------+-------------------------------------------
     0 | D:1      | dickylongcocking the Felid Venom Mage began the quest for
                  | the Orb.
     0 | D:1      | Reached XP level 1. HP: 7/7 MP: 4/4
   248 | D:1      | Reached skill level 3 in Poison Magic
   266 | D:1      | Reached XP level 2. HP: 7/11 MP: 0/6
  1438 | D:1      | Reached XP level 3. HP: 14/14 MP: 4/7
  2191 | D:2      | Found a radiant altar of Vehumet.
  2294 | D:2      | Became a worshipper of Vehumet
  2793 | D:2      | Reached XP level 4. HP: 18/18 MP: 6/8
  3477 | D:3      | Noticed Robin
  3487 | D:2      | Learned a level 4 spell: Olgreb's Toxic Radiance
  3519 | D:2      | HP: 1/27 [adder (2)]
  3520 | D:2      | Succumbed to miscasting Olgreb's Toxic Radiance's poison
  3521 | D:2      | Reached XP level 3. HP: 0/21 MP: 0/7
  3544 | D:2      | Reached skill level 4 in Poison Magic
  3886 | D:3      | Reached XP level 4. HP: 13/18 MP: 1/8
  4104 | D:3      | Learned a level 2 spell: Poisonous Vapours
  4163 | D:2      | Killed Robin
  4163 | D:2      | Reached * piety under Vehumet
  4163 | D:2      | Offered knowledge of Magic Dart by Vehumet.
  4269 | D:3      | Slain by a hobgoblin

Illustrated notes

Levels and vault maps discovered:
D:1:      lightli_arrival_maybe_door_vault, layout_loops_corners
D:2:      layout_loops_corners, lemuel_doored_altar
D:3:      layout_basic, dancing_weapons_uskayaw, makhleb_grotto_becter,
          serial_glass, glass_columns_c, glass_columns_a, uniq_robin

Skill      XL: |  1  2  3 |
---------------+----------+-----
Poison Magic   | 3 4 |  4.2
Transmutations | 2 |  2.8
Dodging        | |  2.6
Stealth        | |  2.6
Spellcasting   | |  2.8

Action                   |  1- 3 |  4- 6 || total
-------------------------+-------+-------++-------
Melee: Unarmed           |    29 |    14 ||    43
       Bite              |     5 |       ||     5
 Cast: Sting             |    70 |    33 ||   103
       Poisonous Vapours |       |     5 ||     5
  Use: Potion            |       |     4 ||     4
 Stab: Sleeping          |    12 |     4 ||    16
Armor: Skin              |     3 |     4 ||     7
Dodge: Dodged            |    57 |    45 ||   102

Table legend: (Time is in decaauts)
 A = Elapsed time spent in this place.
 B = Non-inter-level travel time spent in this place.
 C = Inter-level travel time spent in this place.
 D = Time resting spent in this place.
 E = Time spent auto-exploring this place.
 F = Levels seen in this place.
 G = Mean time per level.
                   A        B        C        D        E       F      G
               +--------+--------+--------+--------+--------+-----+--------+
         Total |   3936 |   3792 |    144 |   1398 |   1904 |   3 | 1312.0 |
       Dungeon |   3936 |   3792 |    144 |   1398 |   1904 |   3 | 1312.0 |
               +--------+--------+--------+--------+--------+-----+--------+

Top non-repeatable levels by time:
     D:2: 1953 daAuts
     D:1: 1777 daAuts
     D:3: 205 daAuts
